AoeStats
← HHH

Arena

510216643Analyzed
2v2 RM · 3d ago on Sep 30, 2026· 38m 52s· 4 players
Game mode
Random Map
Map size
Medium (4 player)
Population
200
Speed
Normal
Resources
Standard
Victory
Conquest
Starting age
Dark Age
Ending age
Imperial Age
RankedLock teamsTeams togetherTeam positionsShared explorationLock speedFull tech treeHidden civsTurbo modeCheats
Victory
Defeat
🇸🇦 Danes · Saudi Arabia
951
+13
🇸🇦 Italians · Saudi Arabia
947
+14
🇨🇴 Mongols · Colombia
918
-14
🇲🇽 Persians · Mexico
873
-13
u5500393
0:31 Loom
9:55 Feudal Age
11:16 Wheelbarrow
11:45 Horse Collar
13:53 Double-Bit Axe
18:30 Castle Age
18:22 Scale Barding Armor
18:28 Forging
19:22 Light Cavalry
25:22 Hand Cart
25:51 Husbandry
26:01 Bloodlines
29:05 Murder Holes
30:22 Ballistics
Ares12772
11:01 Feudal Age
17:05 Castle Age
15:52 Double-Bit Axe
15:50 Horse Collar
28:01 Wheelbarrow
31:08 Imperial Age
29:18 Hand Cart
28:51 Loom
32:28 Chemistry
34:19 Kamandaran
36:54 Cavalier
38:48 Bloodlines
38:38 Savar
98_Natsu
11:50 Feudal Age
12:52 Double-Bit Axe
12:49 Horse Collar
13:47 Wheelbarrow
13:06 Stone Mining
13:06 Gold Mining
15:01 Loom
23:40 Castle Age
30:57 Bow Saw
36:51 Imperial Age
34:37 Hand Cart
HHH
0:26 Loom
9:31 Feudal Age
10:27 Double-Bit Axe
17:39 Castle Age
16:37 Gold Mining
16:39 Stone Mining
16:35 Horse Collar
18:47 Bow Saw
19:15 Gold Shaft Mining
18:43 Heavy Plow
20:29 Wheelbarrow
19:40 Town Watch
20:02 Town Watch
26:58 Hand Cart
32:34 Hamask
40:54 Imperial Age
38:25 Murder Holes
38:51 Ballistics
38:41 Masonry
38:24 Heated Shot
Connection lost

Rejoining the realm…

Still unreachable

The connection could not be restored.

Session expired

The server has moved on; the page needs a fresh start.